 Dungeon Crawl Stone Soup version 0.14-a0-2839-g31ee8e6 (webtiles) character file.

1536 ryw the Magician (level 8, -1/62 HPs)
             Began as a Red Draconian Air Elementalist on Feb 27, 2014.
             Was a Follower of Sif Muna.
             Slain by ryw's ghost (5 damage)
             ... on Level 8 of the Dungeon.
             The game lasted 00:30:31 (7840 turns).

ryw the Magician (Red Draconian Air Elementalist)   Turns: 7840, Time: 00:30:31

HP  -1/62        AC  8     Str 15      XL: 8   Next: 50%
MP  14/20        EV 13     Int 24      God: Sif Muna [*.....]
Gold 57          SH  0     Dex 12      Spells:  5 memorised,  8 levels left

rFire  + . .     SeeInvis .     a - +1 dagger (speed)
rCold  . . .     Clarity  .     (armour unavailable)
rNeg   . . .     Conserve .     (no shield)
rPois  .         rCorr    .     (helmet restricted)
rElec  .         rRot     .     m - +0 cloak
SustAb . .       Spirit   .     w - +0 pair of dwarf gloves
rMut   .         Warding  .     (no boots)
Saprov . . .     Stasis   .     X - amulet of faith
MR     .....                    U - +3 ring of intelligence
                                t - +3 ring of intelligence

@: short of breath, repel missiles, mighty, drained, not resistant to hostile
enchantments, fairly stealthy
A: breathe fire, unfitting armour, fire resistance 1, AC +6
a: Breathe Fire, Channel Energy, Renounce Religion


You were on level 8 of the Dungeon.
You worshipped Sif Muna.
Sif Muna was aware of your devotion.
You were not hungry.

You visited 2 branches of the dungeon, and saw 9 of its levels.

You collected 261 gold pieces.
You spent 204 gold pieces at shops.

Inventory:

Hand weapons
 a - a +1,+1 dagger of speed (weapon)
 o - a +0,+1 halberd of dragon slaying
 Z - a +2,+1 dagger of venom
Missiles
 M - 10 tomahawks (quivered)
 T - 2 steel darts
Armour
 m - a +0 cloak (worn)
 w - a +0 pair of dwarven gloves (worn)
Magical devices
 e - a wand of lightning (3) {unknown}
 i - a wand of slowing (12) {unknown}
Comestibles
 c - 2 bread rations
 f - 5 meat rations
 r - 2 pears
 z - a lychee
 K - a beef jerky
 O - 2 rotting chunks of worker ant flesh
 Q - an apple
 S - a choko
 W - a slice of pizza
Scrolls
 g - 3 scrolls of curse armour {unknown}
 h - a scroll of amnesia {unknown}
 j - 3 scrolls of immolation
 n - 2 scrolls of curse weapon {unknown}
 p - 3 scrolls of identify
 s - a scroll of fear {unknown}
 u - 4 scrolls of remove curse {unknown}
 v - 4 scrolls of teleportation {unknown}
 y - a scroll of enchant weapon II {unknown}
 C - a scroll of fog {unknown}
 D - 5 scrolls of curse jewellery {unknown}
 F - a scroll of magic mapping {unknown}
 J - a scroll of random uselessness {unknown}
 N - a scroll of noise {unknown}
 P - a scroll of enchant armour {unknown}
 V - 2 scrolls of enchant weapon I {unknown}
 Y - a scroll of blinking {unknown}
Jewellery
 t - a +3 ring of intelligence (left hand)
 G - an uncursed ring of regeneration
 H - an uncursed ring of invisibility
 U - a +3 ring of intelligence (right hand)
 X - an amulet of faith (around neck)
Potions
 k - 8 potions of curing
 l - a potion of beneficial mutation {unknown}
 q - 2 potions of might
 x - a potion of brilliance {unknown}
 A - a potion of speed {unknown}
 B - 2 potions of restore abilities {unknown}
 E - 3 potions of agility {unknown}
 I - a potion of heal wounds {unknown}
 R - a potion of berserk rage {unknown}
Books
 b - a book of Air

   Spells                             Type                      Level
   *Shock                             Conjuration/Air              1
   *Swiftness                         Charms/Air                   2
   *Repel Missiles                    Charms/Air                   2
   Flight                             Charms/Air                   3
   Static Discharge                   Conjuration/Air              3
   Lightning Bolt                     Conjuration/Air              5
 d - a book of Maledictions

   Spells                             Type                      Level
   Corona                             Hexes                        1
   Sure Blade                         Hexes/Charms                 2
   *Ensorcelled Hibernation           Hexes/Ice                    2
   *Confuse                           Hexes                        3
   Enslavement                        Hexes                        4
   Invisibility                       Hexes                        6
 L - a Necronomicon {highlevel}

   This book is beyond your current level of understanding.

   Spells                             Type                      Level
   Haunt                              Necromancy/Summoning         7
   Borgnjor's Revivification          Necromancy                   8
   Death's Door                       Charms/Necromancy            8
   Necromutation                      Transmutation/Necromancy     8


   Skills:
 - Level 2.3(2.0) Fighting
 + Level 4.6(4.3) Dodging
 - Level 3.6(3.3) Stealth
 * Level 5.8(5.5) Spellcasting
 - Level 4.1(3.8) Conjurations
 - Level 4.5(4.2) Air Magic
 - Level 2.6(2.3) Evocations


You had 8 spell levels left.
You knew the following spells:

 Your Spells              Type           Power        Failure   Level  Hunger
a - Shock                 Conj/Air       ####         1%          1    None
b - Repel Missiles        Chrm/Air       ###...       8%          2    None
c - Swiftness             Chrm/Air       ###.....     8%          2    None
d - Ensorcelled Hibernat  Hex/Ice        #.....       14%         2    None
e - Confuse               Hex            #.......     30%         3    ##.....


Dungeon Overview and Level Annotations

Branches:
Dungeon (8/16)             Temple (1/1) D:5
   Lair: D:8-11

Altars:
Ashenzari
Cheibriados
Dithmenos
Elyvilon
Fedhas
Kikubaaqudgha
Makhleb
Nemelex Xobeh
Sif Muna
Vehumet
Xom
Yredelemnul
Zin
The Shining One

Shops:
D:6 =

Annotations:
D:8 ryw's ghost, powerful CeHu


Innate Abilities, Weirdness & Mutations

You can breathe blasts of fire.
Your fiery red scales are hard (AC +6).
Your body does not fit into most forms of armour.
Your cold-blooded metabolism reacts poorly to cold.
Your flesh is heat resistant.


Message History

The creatures around you are filled with an inner flame!
It was a scroll of immolation.
You feel yourself speed up. Ryw's ghost hits you.
* * * LOW HITPOINT WARNING * * *
You feel drained.
* * * LOW HITPOINT WARNING * * *
Ryw's ghost hits you but does no damage.
You are poisoned.
Drink which item? (? for menu, Esc to quit)
You feel very mighty all of a sudden.
It was a potion of might.
Ryw's ghost hits you.
* * * LOW HITPOINT WARNING * * *
Drink which item? (? for menu, Esc to quit)
You feel better. Ryw's ghost hits you.
* * * LOW HITPOINT WARNING * * *
Space warps horribly around you!
* * * LOW HITPOINT WARNING * * *
Ryw's ghost hits you.
You die...

##################
.....................
.....................
....................#
............# #....#
............# #....#
.....####...# #....#
.....# #...# #....#####
.....# #...# #@........
.....# #...# #p########
.....# #...# #.# .....#
#...# #%# . ##...#
#...####.##########..o
#...#
#....................#
#...#
#....................#
#...#
#................p...#
#...#
#......##########....####


You could see ryw's ghost (inner flame).

Vanquished Creatures
  A hungry ghost (D:8)
  3 centaurs
  2 ogres
  3 crimson imps
  3 hounds
  2 jellies
  4 orc wizards
  A centaur skeleton (D:7)
  An iguana (D:7)
  4 worker ants
  2 scorpions
  An ogre zombie (D:8)
  An ogre skeleton (D:5)
  A worker ant zombie (D:5)
  14 adders
  A worm zombie (D:8)
  4 gnolls (D:2)
  4 worms
  An orc zombie (D:7)
  An adder skeleton (D:7)
  A giant eyeball (D:7)
  7 giant geckos
  An ooze (D:2)
  9 orcs
  A bat zombie (D:1)
  6 giant cockroaches
  11 goblins
  13 hobgoblins
  2 quokkas
  16 bats
  6 giant newts
  8 jackals
  10 kobolds
  A kobold skeleton (D:4)
  A kobold zombie (D:1)
  11 rats
158 creatures vanquished.

Notes
Turn   | Place    | Note
--------------------------------------------------------------
     0 | D:1      | ryw, the Draconian Air Elementalist, began the quest for the Orb.
     0 | D:1      | Reached XP level 1. HP: 14/14 MP: 3/3
   253 | D:1      | Reached XP level 2. HP: 20/20 MP: 4/4
   339 | D:1      | Learned a level 2 spell: Repel Missiles
  1300 | D:1      | Reached XP level 3. HP: 26/26 MP: 6/6
  1404 | D:1      | Learned a level 2 spell: Swiftness
  1797 | D:2      | Reached XP level 4. HP: 33/33 MP: 0/8
  2234 | D:2      | Found a shattered altar of Ashenzari.
  2759 | D:3      | Found a shadowy altar of Dithmenos.
  2783 | D:3      | Reached XP level 5. HP: 32/38 MP: 10/10
  2962 | D:3      | Found an ancient bone altar of Kikubaaqudgha.
  3002 | D:3      | Reached skill level 4 in Air Magic
  3174 | D:3      | Noticed an ogre
  3208 | D:3      | Killed an ogre
  3208 | D:3      | Reached XP level 6. HP: 45/45 MP: 4/13
  3692 | D:4      | Found a blossoming altar of Fedhas.
  4397 | D:5      | Entered Level 5 of the Dungeon
  4450 | D:5      | Your scales start taking on a fiery red colour.
  4450 | D:5      | Gained mutation: Your flesh is heat resistant. [draconian maturity]
  4450 | D:5      | Reached XP level 7. HP: 48/50 MP: 5/15
  5009 | D:5      | Found a staircase to the Ecumenical Temple.
  5033 | Temple   | Entered the Ecumenical Temple
  5158 | Temple   | Became a worshipper of Sif Muna the Loreminder
  5419 | D:5      | Reached skill level 1 in Fighting
  5419 | D:5      | Reached skill level 1 in Evocations
  5967 | D:6      | Found Quevuz's Jewellery Boutique.
  5970 | D:6      | Bought a +3 ring of intelligence for 204 gold pieces
  6981 | D:7      | Reached XP level 8. HP: 62/62 MP: 13/18
  7223 | D:7      | Learned a level 2 spell: Ensorcelled Hibernation
  7227 | D:7      | Learned a level 3 spell: Confuse
  7495 | D:8      | Noticed ryw's ghost (powerful CeHu)
  7539 | D:8      | Acquired Sif Muna's first power
  7543 | D:8      | Reached skill level 5 in Spellcasting
  7840 | D:8      | Slain by ryw's ghost

Action                   |  1- 3 |  4- 6 |  7- 9 || total
-------------------------+-------+-------+-------++-------
Melee: Short sword       |    70 |   123 |       ||   193
       Dagger            |       |     7 |    56 ||    63
       Club              |       |       |     1 ||     1
Throw: Dart              |       |     1 |       ||     1
 Cast: Shock             |    60 |   181 |   186 ||   427
       Swiftness         |       |     1 |     2 ||     3
       Repel Missiles    |       |       |     2 ||     2
 Abil: Breathe Fire      |       |       |     5 ||     5
  Use: Scroll            |       |     3 |     4 ||     7
       Potion            |       |       |     3 ||     3
 Stab: Sleeping          |       |     1 |     1 ||     2
